 Dungeon Crawl Stone Soup version 0.18.1-50-g88ac8fd (webtiles) character file.

216 Iflex the Covert (level 5, -7/38 HPs)
             Began as a Vampire Assassin on Sept 30, 2016.
             Was an Initiate of Dithmenos.
             Killed from afar by Lucio's ghost (13 damage)
             ... with a puff of frost
             ... on level 4 of the Dungeon.
             The game lasted 00:18:16 (2248 turns).

Iflex the Covert (Vampire Assassin)                 Turns: 2248, Time: 00:18:17

Health: -7/38      AC:  5    Str: 10    XL:     5   Next: 61%
Magic:  5/5        EV: 13    Int: 14    God:    Dithmenos [......]
Gold:   161        SH:  0    Dex: 16    Spells: 1 memorised, 2 levels left

rFire  + . .     SeeInvis +     a - +5 dagger
rCold  . . .     Gourm    .     c - +1 robe
rNeg   + + .     Faith    .     (no shield)
rPois  +         Spirit   .     (no helmet)
rElec  .         Dismiss  .     d - +0 cloak
rCorr  .         Reflect  .     r - +0 pair of gloves
SustAt .         Harm     +     (no boots)
MR     .....                    t - amulet of harm
Stlth  +++++.....               (no ring)
                                q - ring of fire

@: very slightly contaminated, regenerating slowly, not resistant to hostile
enchantments, quite stealthy
A: fangs 3, see invisible, unbreathing
a: Bat Form, Renounce Religion


You were on level 4 of the Dungeon.
You worshipped Dithmenos.
Dithmenos was noncommittal.
You were thirsty.

You visited 2 branches of the dungeon, and saw 5 of its levels.

You collected 161 gold pieces.

Inventory:

Hand Weapons
 a - a +5 dagger (weapon)
 b - a +0 blowgun
Missiles
 e - 5 poisoned needles
 f - 2 curare-tipped needles
Armour
 c - a +1 robe (worn)
 d - a +0 cloak (worn)
 r - a +0 pair of gloves (worn)
Jewellery
 q - a ring of fire (left hand)
 t - an amulet of harm (around neck)
Wands
 v - a wand of acid (9/15)
Scrolls
 i - a scroll of magic mapping {unknown}
 j - a scroll of identify
 k - a scroll of remove curse {unknown}
 o - a scroll of immolation {unknown}
 p - a scroll of enchant armour
Potions
 g - 16 potions of blood
 h - a potion of brilliance
 l - a potion of might
Books
 s - a book of Dreams

   Spells                             Type                      Level
   a - Ensorcelled Hibernation        Hexes/Ice                    2
   b - Silence                        Hexes/Air                    5
   c - Darkness                       Hexes                        6
   d - Shadow Creatures               Summoning                    6


   Skills:
 + Level 2.0 Fighting
 + Level 2.9 Short Blades
 + Level 1.7 Throwing
 + Level 2.5 Dodging
 + Level 9.1 Stealth
 + Level 0.3 Spellcasting
 + Level 0.8 Hexes
 + Level 0.2 Ice Magic


You had 2 spell levels left.
You knew the following spells:

 Your Spells              Type           Power        Failure   Level  Hunger
a - Ensorcelled Hibernat  Hex/Ice        #.....       34%         2    ###....


Dungeon Overview and Level Annotations

Branches:
Dungeon (4/15)             Temple (1/1) D:4

Altars:
Ashenzari
Cheibriados
Dithmenos
Elyvilon
Gozag
Kikubaaqudgha
Makhleb
Nemelex Xobeh
Okawaru
Pakellas
Ru
Sif Muna
Trog
Vehumet
Yredelemnul
Zin
The Shining One

Annotations:
D:4 Lucio's ghost, amateur MfIE


Innate Abilities, Weirdness & Mutations

You heal slowly.
You have razor-sharp teeth.
You have supernaturally acute eyesight.
You can survive without breathing.


Message History

Really attack while wielding your +0 blowgun? [Y]es or [N]o only, please.
Really attack while wielding your +0 blowgun?
Okay, then.
a - a +5 dagger (weapon)
You hit the adder.
The adder is heavily wounded.
You are feeling thirsty.
The adder bites you.
* * * LOW HITPOINT WARNING * * *
You miss the adder.
The adder is heavily wounded.
The adder bites you.
* * * LOW HITPOINT WARNING * * *
You hit the adder.
The adder is almost dead.
The adder completely misses you. Lucio's ghost casts a spell at you.
The puff of frost hits you!
You die...

#############.......#
....................#
.......<..###.....><#
####....### #.......#
#....# ##.......#
###..# #.......##
#..# #.......# #..#
#.....S.# #..#
#>...@..# #.##
#.......#
..#P##.######..#####
≈P...#.##..>...#
≈≈P..#.##.###.## ≈≈≈≈
#......W.# ≈≈≈#
#.......##
#.####.......#
...#.........#


You could see Lucio's ghost and an adder.

Vanquished Creatures
  An orc wizard (D:3)
  An orc priest (D:3)
  A centaur skeleton (D:4)
  3 adders
  A shadow imp (D:4)
  An ooze (D:2)
  An adder skeleton (D:4)
  A worm (D:3)
  6 dart slugs
  4 giant geckos
  5 orcs
  2 giant cockroaches (D:3)
  4 goblins
  9 hobgoblins
  A jackal (D:2)
  9 kobolds
  4 bats
  2 giant newts (D:1)
  A quokka skeleton (D:4)
  13 rats
70 creatures vanquished.

Notes
Turn   | Place    | Note
--------------------------------------------------------------
     0 | D:1      | Iflex the Vampire Assassin began the quest for the Orb.
     0 | D:1      | Reached XP level 1. HP: 16/16 MP: 1/1
    11 | D:1      | Reached skill level 6 in Stealth
    70 | D:1      | Reached XP level 2. HP: 22/22 MP: 2/2
   559 | D:1      | Reached XP level 3. HP: 27/27 MP: 3/3
   687 | D:1      | Reached skill level 7 in Stealth
  1290 | D:3      | Found an ancient bone altar of Kikubaaqudgha.
  1310 | D:3      | Reached XP level 4. HP: 32/33 MP: 4/4
  1391 | D:3      | Learned a level 2 spell: Ensorcelled Hibernation
  1644 | D:3      | Reached skill level 8 in Stealth
  1646 | D:3      | Reached XP level 5. HP: 38/38 MP: 5/5
  1889 | D:4      | Noticed Lucio's ghost (amateur MfIE)
  1897 | D:4      | Found a staircase to the Ecumenical Temple.
  1913 | Temple   | Entered the Ecumenical Temple
  1970 | Temple   | Became a worshipper of Dithmenos the Shadowed
  2144 | D:4      | Reached skill level 9 in Stealth
  2248 | D:4      | Killed from afar by Lucio's ghost

Skill      XL: |  1  2  3  4  5 |
---------------+----------------+-----
Stealth        | 6 7 8 9 |  9.1
Dodging        | 2 |  2.5
Fighting       | 2 |  2.0
Short Blades   | |  2.9
Throwing       | |  1.7
Spellcasting   | |  0.3
Hexes          | |  0.8
Ice Magic      | |  0.2

Action                   |  1- 3 |  4- 6 || total
-------------------------+-------+-------++-------
Melee: Dagger            |    96 |    94 ||   190
       Bite              |     4 |     5 ||     9
 Fire: Blowgun           |       |     3 ||     3
  Use: Potion            |     6 |     1 ||     7
       Scroll            |     2 |     7 ||     9
 Stab: Sleeping          |    19 |     8 ||    27
Armor: Robe              |    27 |    20 ||    47
Dodge: Dodged            |    59 |    49 ||   108
